Rock Island Raccoons vs Edmonton Oil Kings
Created - Saturday, July 1, 2023 at 05:50
Goals
|
| Rock Island Raccoons |
0 |
3 |
0 |
3 |
| Edmonton Oil Kings |
1 |
0 |
1 |
2 |
|
Shots
|
| Rock Island Raccoons |
3 |
19 |
10 |
32 |
| Edmonton Oil Kings |
15 |
8 |
10 |
33 |
|
1st period
1. Edmonton Oil Kings , Dawson Mercer 1 (Ryan McLeod 1) at 13:32
Penalties :
Mark Pysyk (EOK) for Hooking (Minor) at 14:50
2nd period
2. Rock Island Raccoons , Drake Caggiula 1 (Carl Hagelin 1, Ryan Lindgren 1) at 4:59 (PP)
3. Rock Island Raccoons , Mathieu Perreault 1 (Luke Glendening 1) at 5:05
4. Rock Island Raccoons , Mathieu Perreault 2 (Sam Carrick 1) at 9:00
Penalties :
Kale Clague (EOK) for Interference (Minor) at 4:45, Andrew Ladd (RIR) for Tripping (Minor) at 6:30, Gabriel Carlsson (EOK) for Boarding (Minor) at 11:34, Luke Glendening (RIR) for Hooking (Minor) at 12:13, Sam Carrick (RIR) for Interference (Minor) at 19:09
3rd period
5. Edmonton Oil Kings , Nikita Alexandrov 1 (Mackenzie Entwistle 1, Connor McMichael 1) at 15:12
Penalties :
Tyler Angle (EOK) for Interference (Minor) at 6:37, Nate Thompson (RIR) for Tripping (Minor) at 9:54
Goalie Stats
Braden Holtby (RIR), 31 saves from 33 shots - (0.939), W, 1-0-0, 60:00 minutes
Karel Vejmelka (EOK), 29 saves from 32 shots - (0.906), L, 0-1-0, 59:33 minutes
Players Stats for Rock Island Raccoons
Player Name G A P +/- PIM S H SB GA TA FO MP PP MP PK MP
------------------------------------------------------------------------------------
Alex Barre-Boulet 0 0 0 0 0 0 0 0 0 0 1/4 4:04 0:00 0:00
Andrew Ladd 0 0 0 1 2 1 2 0 0 0 0/1 16:45 0:00 1:54
Andy Greene 0 0 0 1 0 2 2 2 1 2 0/0 26:38 2:23 3:14
Brendan Smith 0 0 0 0 0 1 4 0 0 0 0/0 19:25 2:12 3:22
Brian Boyle 0 0 0 0 0 2 0 0 2 0 2/3 15:46 0:00 1:57
Carl Hagelin 0 1 1 -1 0 4 2 0 1 0 1/6 20:36 2:39 3:33
Drake Caggiula 1 0 1 -1 0 3 0 0 0 0 0/1 16:57 2:39 0:15
Dryden Hunt 0 0 0 0 0 0 0 0 0 0 0/0 0:24 0:00 0:00
Filip Chytil 0 0 0 -1 0 2 1 0 0 0 7/12 16:46 2:39 0:01
Greg McKegg 0 0 0 0 0 0 2 0 0 0 0/0 13:50 0:00 0:00
Gustav Lindstrom 0 0 0 -1 0 3 0 0 0 0 0/0 16:44 2:28 0:00
Jake Walman 0 0 0 0 0 0 0 1 0 0 0/0 11:55 0:00 0:00
Logan Stanley 0 0 0 -1 0 0 1 0 0 1 0/0 21:38 2:28 3:22
Luke Glendening 0 1 1 1 2 7 2 1 1 1 16/23 22:57 2:11 2:44
Mathieu Perreault 2 0 2 1 0 4 0 0 2 3 0/2 19:11 2:12 2:48
Nate Thompson 0 0 0 0 2 0 0 0 0 0 1/1 6:12 0:00 0:00
Ryan Lindgren 0 1 1 1 0 3 2 2 0 0 0/0 26:27 2:23 3:14
Sam Carrick 0 1 1 0 2 0 0 1 0 0 1/3 15:45 0:00 0:00
Players Stats for Edmonton Oil Kings
Player Name G A P +/- PIM S H SB GA TA FO MP PP MP PK MP
------------------------------------------------------------------------------------
Brett Kulak 0 0 0 -1 0 0 3 1 0 3 0/0 23:46 2:48 2:44
Connor McMichael 0 1 1 1 0 3 1 0 0 0 0/0 8:00 0:00 0:00
Dawson Mercer 1 0 1 0 0 5 2 1 0 0 2/3 21:33 2:49 2:24
Dillon Dube 0 0 0 -1 0 3 0 0 3 0 2/4 17:38 3:26 0:24
Dylan Holloway 0 0 0 -1 0 0 1 1 0 0 6/14 15:21 3:09 0:00
Filip Zadina 0 0 0 1 0 4 2 1 1 1 1/1 16:39 2:54 0:00
Gabriel Carlsson 0 0 0 0 2 0 0 1 0 1 0/0 15:06 0:36 0:54
Jack Johnson 0 0 0 0 0 2 0 0 0 0 0/0 20:03 0:05 2:48
Joey Anderson 0 0 0 -1 0 2 1 0 1 0 0/0 14:44 2:53 0:00
Josh Mahura 0 0 0 1 0 1 2 0 0 0 0/0 18:26 0:01 2:07
Kale Clague 0 0 0 0 2 2 0 0 0 1 0/0 17:36 3:42 0:00
Mackenzie Entwistle 0 1 1 1 0 1 1 0 0 0 1/2 11:10 0:53 2:03
Mark Pysyk 0 0 0 1 2 2 1 2 1 0 0/0 21:20 3:08 1:09
Morgan Barron 0 0 0 -1 0 1 0 0 1 0 0/0 12:30 0:01 0:24
Nikita Alexandrov 1 0 1 1 0 1 2 0 0 0 3/4 8:48 0:34 0:00
Noah Gregor 0 0 0 -1 0 2 1 0 0 1 0/1 18:19 2:36 2:24
Ryan McLeod 0 1 1 1 0 2 4 3 0 0 10/22 19:53 3:25 2:03
Tyler Angle 0 0 0 -1 2 2 2 1 0 0 2/5 12:53 0:00 0:00
3 Stars
1 - Mathieu Perreault (RIR)
2 - Braden Holtby (RIR)
3 - Nikita Alexandrov (EOK)
Power Play
Rock Island Raccoons - 1 on 4 Attempt(s) - 25.00%
Edmonton Oil Kings - 0 on 4 Attempt(s) - 0.00%
Penalty Kill
Rock Island Raccoons - 4 on 4 Attempt(s) - 100.00%
- Score 0 goal in Penalty Kill
Edmonton Oil Kings - 3 on 4 Attempt(s) - 75.00%
- Score 0 goal in Penalty Kill
Team Stat
Rock Island Raccoons - Hits : 18 - Faceoff Wins : 29 - Blocked Shots : 7 - Penalty Minutes : 8
Edmonton Oil Kings - Hits : 23 - Faceoff Wins : 27 - Blocked Shots : 11 - Penalty Minutes : 8
Official
Referees : Tom Chmielewski and Kelly Sutherland
Linesman : Tony Sericolo and Vaughan Rody
Game Notes
No Game Note
Rock Island Raccoons
5 vs 5 Forward
Center Left Wing Right Wing Time % Phy DF OF
1 Luke Glendening Mathieu Perreault Brendan Smith 30 1 2 2
2 Filip Chytil Carl Hagelin Drake Caggiula 30 1 2 2
3 Brian Boyle Andrew Ladd Greg McKegg 25 1 2 2
4 Sam Carrick Nate Thompson Luke Glendening 15 1 2 2
5 vs 5 Defense
Defense Defense Time % Phy DF OF
1 Andy Greene Ryan Lindgren 30 1 2 2
2 Logan Stanley Gustav Lindstrom 30 1 2 2
3 Jake Walman Sam Carrick 25 1 2 2
4 Andy Greene Ryan Lindgren 15 1 2 2
PowerPlay Forward
Center Left Wing Right Wing Time % Phy DF OF
1 Luke Glendening Mathieu Perreault Brendan Smith 50 1 2 2
2 Filip Chytil Carl Hagelin Drake Caggiula 50 1 2 2
PowerPlay Defense
Defense Defense Time % Phy DF OF
1 Andy Greene Ryan Lindgren 50 1 2 2
2 Logan Stanley Gustav Lindstrom 50 1 2 2
Penalty Kill 4 Players Forward
Center Wing Time % Phy DF OF
1 Luke Glendening Mathieu Perreault 50 1 2 2
2 Carl Hagelin Andrew Ladd 50 1 2 2
Penalty Kill 4 Players Defense
Defense Defense Time % Phy DF OF
1 Andy Greene Ryan Lindgren 50 1 2 2
2 Logan Stanley Brendan Smith 50 1 2 2
Penalty Kill - 3 Players Forward
Forward Time % Phy DF OF
1 Luke Glendening 50 1 2 2
2 Mathieu Perreault 50 1 2 2
Penalty Kill - 3 Players Defense
Defense Defense Time % Phy DF OF
1 Andy Greene Ryan Lindgren 50 1 2 2
2 Logan Stanley Brendan Smith 50 1 2 2
4 vs 4 Forward
Center Wing Time % Phy DF OF
1 Luke Glendening Mathieu Perreault 50 1 2 2
2 Carl Hagelin Andrew Ladd 50 1 2 2
4 vs 4 Defense
Defense Defense Time % Phy DF OF
1 Andy Greene Ryan Lindgren 50 1 2 2
2 Logan Stanley Brendan Smith 50 1 2 2
Last Minutes Offensive
Center Left Wing Right Wing Defense Defense
Luke Glendening Mathieu Perreault Brendan Smith Andy Greene Ryan Lindgren
Last Minutes Defensive
Center Left Wing Right Wing Defense Defense
Luke Glendening Mathieu Perreault Brendan Smith Andy Greene Ryan Lindgren
Goaltenders
Starting : Braden Holtby
Backup : Mikko Koskinen
Extra Forwards
Normal : Alex Barre-Boulet, Dryden Hunt, Brian Boyle - PP : Alex Barre-Boulet, Dryden Hunt - PK : Brian Boyle
Extra Defensemen
Normal : Jake Walman, Gustav Lindstrom, Logan Stanley - PP : Jake Walman - PK : Gustav Lindstrom, Logan Stanley
Penalty Shots
Luke Glendening, Mathieu Perreault, Carl Hagelin, Brendan Smith, Andrew Ladd
Edmonton Oil Kings
5 vs 5 Forward
Center Left Wing Right Wing Time % Phy DF OF
1 Ryan McLeod Filip Zadina Dawson Mercer 30 0 2 3
2 Dylan Holloway Noah Gregor Dillon Dube 30 0 2 3
3 Tyler Angle Morgan Barron Joey Anderson 25 1 2 2
4 Nikita Alexandrov Connor McMichael Mackenzie Entwistle 15 1 2 2
5 vs 5 Defense
Defense Defense Time % Phy DF OF
1 Jack Johnson Gabriel Carlsson 34 1 4 0
2 Brett Kulak Kale Clague 33 1 3 1
3 Mark Pysyk Josh Mahura 33 1 3 1
4 Jack Johnson Brett Kulak 0 1 4 0
PowerPlay Forward
Center Left Wing Right Wing Time % Phy DF OF
1 Ryan McLeod Dillon Dube Dawson Mercer 55 0 0 5
2 Dylan Holloway Noah Gregor Filip Zadina 45 0 0 5
PowerPlay Defense
Defense Defense Time % Phy DF OF
1 Brett Kulak Joey Anderson 50 0 1 4
2 Kale Clague Mark Pysyk 50 0 1 4
Penalty Kill 4 Players Forward
Center Wing Time % Phy DF OF
1 Ryan McLeod Mackenzie Entwistle 50 1 4 0
2 Dawson Mercer Noah Gregor 50 1 4 0
Penalty Kill 4 Players Defense
Defense Defense Time % Phy DF OF
1 Jack Johnson Brett Kulak 50 1 4 0
2 Mark Pysyk Josh Mahura 50 1 4 0
Penalty Kill - 3 Players Forward
Forward Time % Phy DF OF
1 Ryan McLeod 50 1 4 0
2 Mackenzie Entwistle 50 1 4 0
Penalty Kill - 3 Players Defense
Defense Defense Time % Phy DF OF
1 Jack Johnson Brett Kulak 50 1 4 0
2 Mark Pysyk Josh Mahura 50 1 4 0
4 vs 4 Forward
Center Wing Time % Phy DF OF
1 Ryan McLeod Dawson Mercer 50 0 1 4
2 Dillon Dube Filip Zadina 50 0 1 4
4 vs 4 Defense
Defense Defense Time % Phy DF OF
1 Brett Kulak Mark Pysyk 50 1 3 1
2 Jack Johnson Gabriel Carlsson 50 1 4 0
Last Minutes Offensive
Center Left Wing Right Wing Defense Defense
Ryan McLeod Dillon Dube Dawson Mercer Jack Johnson Brett Kulak
Last Minutes Defensive
Center Left Wing Right Wing Defense Defense
Ryan McLeod Noah Gregor Mackenzie Entwistle Jack Johnson Mark Pysyk
Goaltenders
Starting : Karel Vejmelka
Backup : Adam Huska
Extra Forwards
Normal : Dillon Dube, Dawson Mercer, Filip Zadina - PP : Mackenzie Entwistle, Nikita Alexandrov - PK : Noah Gregor
Extra Defensemen
Normal : Brett Kulak, Mark Pysyk, Jack Johnson - PP : Gabriel Carlsson - PK : Mark Pysyk, Jack Johnson
Penalty Shots
Dillon Dube, Dawson Mercer, Joey Anderson, Filip Zadina, Morgan Barron
% Time on Ice - Rock Island Raccoons
Lines # - Real PCT - Wanted PCT - Time Play
Normal Forward
1 - 27% - 30% - 12:21
2 - 30% - 30% - 14:03
3 - 30% - 25% - 13:50
4 - 13% - 15% - 5:58
Normal Defense
1 - 30% - 30% - 14:02
2 - 32% - 30% - 15:00
3 - 26% - 25% - 11:55
4 - 11% - 15% - 5:15
PP Forward
1 - 45% - 50% - 2:12
2 - 55% - 50% - 2:39
PP Defense
1 - 49% - 50% - 2:23
2 - 51% - 50% - 2:28
PK Forward
1 - 52% - 50% - 3:27
2 - 48% - 50% - 3:09
PK Defense
1 - 49% - 50% - 3:14
2 - 51% - 50% - 3:22
PK3 Forward
1 - 0% - 50%
2 - 0% - 50%
PK3 Defense
1 - 0% - 50%
2 - 0% - 50%
44 Forward
1 - 61% - 50% - 0:49
2 - 39% - 50% - 0:31
44 Defense
1 - 40% - 50% - 0:32
2 - 60% - 50% - 0:48
Last Minute Offensive - 0:00
Last Minute Defensive - 1:01
Total
Forward - 60:00
Defense - 60:00
|
% Time on Ice - Edmonton Oil Kings
Lines # - Real PCT - Wanted PCT - Time Play
Normal Forward
1 - 28% - 30% - 13:04
2 - 29% - 30% - 13:19
3 - 26% - 25% - 11:47
4 - 17% - 15% - 8:00
Normal Defense
1 - 33% - 34% - 15:26
2 - 31% - 33% - 14:18
3 - 34% - 33% - 15:39
4 - 2% - 0% - 0:47
PP Forward
1 - 52% - 55% - 3:26
2 - 48% - 45% - 3:10
PP Defense
1 - 44% - 50% - 2:53
2 - 56% - 50% - 3:43
PK Forward
1 - 51% - 50% - 2:27
2 - 49% - 50% - 2:24
PK Defense
1 - 50% - 50% - 2:26
2 - 50% - 50% - 2:25
PK3 Forward
1 - 0% - 50%
2 - 0% - 50%
PK3 Defense
1 - 0% - 50%
2 - 0% - 50%
44 Forward
1 - 45% - 50% - 0:36
2 - 55% - 50% - 0:44
44 Defense
1 - 83% - 50% - 1:06
2 - 18% - 50% - 0:14
Last Minute Offensive - 1:03
Last Minute Defensive - 0:00
Total
Forward - 60:00
Defense - 60:00
|
Play-by-Play
1st period
0:01 of 1st period - Luke Glendening wins face-off versus Ryan McLeod in neutral zone.
1:18 of 1st period - Gustav Lindstrom is hit by Nikita Alexandrov and loses puck.
1:51 of 1st period - Gustav Lindstrom is hit by Dawson Mercer and loses puck.
2:48 of 1st period - Snap shot by Connor McMichael.
2:48 of 1st period - Stopped by Braden Holtby without a rebound.
2:49 of 1st period - Dylan Holloway wins face-off versus Alex Barre-Boulet in Rock Island Raccoons zone.
3:15 of 1st period - Wrist shot by Andrew Ladd.
3:15 of 1st period - Shot Misses the Net.
3:23 of 1st period - Snap shot by Brian Boyle.
3:23 of 1st period - Shot Misses the Net.
3:25 of 1st period - Wrist shot by Andrew Ladd.
3:25 of 1st period - Deflect By Brian Boyle.
3:25 of 1st period - Stopped by Karel Vejmelka with a rebound.
3:27 of 1st period - Snap shot by Andy Greene.
3:27 of 1st period - Shot Misses the Net.
3:41 of 1st period - Slapshot by Dawson Mercer.
3:41 of 1st period - Shot Blocked by Jake Walman.
3:43 of 1st period - Wrist shot by Ryan McLeod.
3:43 of 1st period - Shot Misses the Net.
3:45 of 1st period - Wrist shot by Ryan McLeod.
3:45 of 1st period - Shot Misses the Net.
3:47 of 1st period - Wrist shot by Filip Zadina.
3:47 of 1st period - Stopped by Braden Holtby with a rebound.
3:49 of 1st period - Wrist shot by Ryan McLeod.
3:49 of 1st period - Deflect By Filip Zadina.
3:49 of 1st period - Stopped by Braden Holtby with a rebound.
4:01 of 1st period - Slapshot by Luke Glendening.
4:01 of 1st period - Deflect By Kale Clague.
4:01 of 1st period - Shot Misses the Net.
4:01 of 1st period - Puck is out of play.
4:02 of 1st period - Luke Glendening wins face-off versus Tyler Angle in Edmonton Oil Kings zone.
4:05 of 1st period - Snap shot by Luke Glendening.
4:05 of 1st period - Shot Misses the Net.
4:13 of 1st period - Slapshot by Tyler Angle.
4:13 of 1st period - Stopped by Braden Holtby with a rebound.
4:21 of 1st period - Snap shot by Morgan Barron.
4:21 of 1st period - Stopped by Braden Holtby with a rebound.
4:23 of 1st period - Snap shot by Brett Kulak.
4:23 of 1st period - Shot Blocked by Ryan Lindgren.
4:25 of 1st period - Snap shot by Joey Anderson.
4:25 of 1st period - Stopped by Braden Holtby without a rebound.
4:26 of 1st period - Filip Chytil wins face-off versus Ryan McLeod in Rock Island Raccoons zone.
4:53 of 1st period - Logan Stanley is hit by Dylan Holloway and loses puck.
5:56 of 1st period - Snap shot by Filip Chytil.
5:56 of 1st period - Shot Misses the Net.
5:58 of 1st period - Snap shot by Ryan Lindgren.
5:58 of 1st period - Shot Blocked by Ryan McLeod.
6:00 of 1st period - Snap shot by Brian Boyle.
6:00 of 1st period - Shot Misses the Net.
6:02 of 1st period - Snap shot by Brian Boyle.
6:02 of 1st period - Stopped by Karel Vejmelka with a rebound.
6:04 of 1st period - Snap shot by Andrew Ladd.
6:04 of 1st period - Stopped by Karel Vejmelka with a rebound.
6:06 of 1st period - Snap shot by Brian Boyle.
6:06 of 1st period - Shot Blocked by Filip Zadina.
8:03 of 1st period - Connor McMichael is hit by Brendan Smith and loses puck.
9:30 of 1st period - Greg McKegg is hit by Ryan McLeod and loses puck.
9:37 of 1st period - Snap shot by Filip Zadina.
9:37 of 1st period - Stopped by Braden Holtby without a rebound.
9:38 of 1st period - Nate Thompson wins face-off versus Ryan McLeod in Rock Island Raccoons zone.
9:48 of 1st period - Jake Walman is hit by Dawson Mercer and loses puck.
11:07 of 1st period - Gabriel Carlsson is hit by Andy Greene and loses puck.
11:26 of 1st period - Off-side.
11:27 of 1st period - Ryan McLeod wins face-off versus Brian Boyle in neutral zone.
11:45 of 1st period - Snap shot by Dawson Mercer.
11:45 of 1st period - Stopped by Braden Holtby without a rebound.
11:46 of 1st period - Tyler Angle wins face-off versus Filip Chytil in Rock Island Raccoons zone.
12:24 of 1st period - Wrist shot by Joey Anderson.
12:24 of 1st period - Deflect By Tyler Angle.
12:24 of 1st period - Stopped by Braden Holtby without a rebound.
12:25 of 1st period - Luke Glendening wins face-off versus Ryan McLeod in Rock Island Raccoons zone.
12:56 of 1st period - Snap shot by Connor McMichael.
12:56 of 1st period - Shot Misses the Net.
12:58 of 1st period - Wrist shot by Mark Pysyk.
12:58 of 1st period - Stopped by Braden Holtby with a rebound.
13:18 of 1st period - Slapshot by Sam Carrick.
13:18 of 1st period - Deflect By Andrew Ladd.
13:18 of 1st period - Shot Blocked by Dylan Holloway.
13:18 of 1st period - Puck is out of play.
13:19 of 1st period - Brian Boyle wins face-off versus Ryan McLeod in Edmonton Oil Kings zone.
13:20 of 1st period - Wrist shot by Andrew Ladd.
13:20 of 1st period - Shot Blocked by Brett Kulak.
13:30 of 1st period - Backhand shot by Ryan McLeod.
13:30 of 1st period - Stopped by Braden Holtby without a rebound.
13:31 of 1st period - Ryan McLeod wins face-off versus Luke Glendening in Rock Island Raccoons zone.
13:32 of 1st period - Snap shot by Dawson Mercer.
13:32 of 1st period - Goal by Dawson Mercer - Rock Island Raccoons : 0 - Edmonton Oil Kings : 1.
13:33 of 1st period - Luke Glendening wins face-off versus Dawson Mercer in neutral zone.
13:45 of 1st period - Off-side.
13:46 of 1st period - Luke Glendening wins face-off versus Dylan Holloway in neutral zone.
14:35 of 1st period - Logan Stanley is hit by Tyler Angle and loses puck.
14:50 of 1st period - Minor Penalty to Mark Pysyk for Hooking.
14:51 of 1st period - Mackenzie Entwistle wins face-off versus Luke Glendening in Edmonton Oil Kings zone.
15:16 of 1st period - Filip Chytil is hit by Brett Kulak and loses puck.
15:21 of 1st period - Snap shot by Mackenzie Entwistle.
15:21 of 1st period - Shot Misses the Net.
16:47 of 1st period - Icing by Drake Caggiula.
16:48 of 1st period - Filip Chytil wins face-off versus Dillon Dube in Rock Island Raccoons zone.
16:50 of 1st period - Penalty to Mark Pysyk is over, Mark Pysyk is back on ice.
17:19 of 1st period - Mackenzie Entwistle is hit by Ryan Lindgren and loses puck.
17:59 of 1st period - Icing by Brett Kulak.
18:00 of 1st period - Brian Boyle wins face-off versus Ryan McLeod in Edmonton Oil Kings zone.
18:09 of 1st period - Wrist shot by Ryan McLeod.
18:09 of 1st period - Stopped by Braden Holtby with a rebound.
18:46 of 1st period - Mathieu Perreault is hit by Joey Anderson and loses puck.
19:07 of 1st period - Luke Glendening is hit by Nikita Alexandrov and loses puck.
19:40 of 1st period - Wrist shot by Dillon Dube.
19:40 of 1st period - Stopped by Braden Holtby with a rebound.
19:42 of 1st period - Wrist shot by Noah Gregor.
19:42 of 1st period - Stopped by Braden Holtby without a rebound.
19:43 of 1st period - Dylan Holloway wins face-off versus Luke Glendening in Rock Island Raccoons zone.
19:54 of 1st period - Dylan Holloway is hit by Brendan Smith and loses puck.
Goals for this period are 0 for Rock Island Raccoons vs 1 for Edmonton Oil Kings.
Shots for this period are 3 for Rock Island Raccoons vs 15 for Edmonton Oil Kings.
2nd period
0:01 of 2nd period - Dylan Holloway wins face-off versus Mathieu Perreault in neutral zone.
0:10 of 2nd period - Snap shot by Dillon Dube.
0:10 of 2nd period - Deflect By Luke Glendening.
0:10 of 2nd period - Shot Misses the Net.
0:10 of 2nd period - Puck is out of play.
0:11 of 2nd period - Luke Glendening wins face-off versus Dillon Dube in Rock Island Raccoons zone.
0:16 of 2nd period - Slapshot by Dillon Dube.
0:16 of 2nd period - Stopped by Braden Holtby with a rebound.
0:21 of 2nd period - Mathieu Perreault is hit by Noah Gregor and loses puck.
0:26 of 2nd period - Slapshot by Mathieu Perreault.
0:26 of 2nd period - Stopped by Karel Vejmelka with a rebound.
1:21 of 2nd period - Slapshot by Luke Glendening.
1:21 of 2nd period - Stopped by Karel Vejmelka without a rebound.
1:22 of 2nd period - Filip Chytil wins face-off versus Dylan Holloway in Edmonton Oil Kings zone.
1:35 of 2nd period - Wrist shot by Dillon Dube.
1:35 of 2nd period - Stopped by Braden Holtby with a rebound.
1:37 of 2nd period - Slapshot by Josh Mahura.
1:37 of 2nd period - Stopped by Braden Holtby with a rebound.
1:52 of 2nd period - Ryan McLeod is hit by Luke Glendening and loses puck.
2:37 of 2nd period - Filip Chytil is hit by Mackenzie Entwistle and loses puck.
3:12 of 2nd period - Slapshot by Greg McKegg.
3:12 of 2nd period - Shot Misses the Net.
4:45 of 2nd period - Minor Penalty to Kale Clague for Interference.
4:46 of 2nd period - Dawson Mercer wins face-off versus Filip Chytil in Edmonton Oil Kings zone.
4:57 of 2nd period - Snap shot by Carl Hagelin.
4:57 of 2nd period - Shot Misses the Net.
4:59 of 2nd period - Snap shot by Drake Caggiula.
4:59 of 2nd period - Goal by Drake Caggiula - Rock Island Raccoons : 1 - Edmonton Oil Kings : 1.
5:00 of 2nd period - Luke Glendening wins face-off versus Dylan Holloway in neutral zone.
5:03 of 2nd period - Snap shot by Luke Glendening.
5:03 of 2nd period - Stopped by Karel Vejmelka without a rebound.
5:04 of 2nd period - Luke Glendening wins face-off versus Dylan Holloway in Edmonton Oil Kings zone.
5:05 of 2nd period - Snap shot by Mathieu Perreault.
5:05 of 2nd period - Goal by Mathieu Perreault - Rock Island Raccoons : 2 - Edmonton Oil Kings : 1.
5:06 of 2nd period - Ryan McLeod wins face-off versus Luke Glendening in neutral zone.
5:31 of 2nd period - Josh Mahura is hit by Carl Hagelin and loses puck.
5:36 of 2nd period - Backhand shot by Carl Hagelin.
5:36 of 2nd period - Stopped by Karel Vejmelka without a rebound.
5:37 of 2nd period - Filip Chytil wins face-off versus Tyler Angle in Edmonton Oil Kings zone.
6:30 of 2nd period - Minor Penalty to Andrew Ladd for Tripping.
6:31 of 2nd period - Luke Glendening wins face-off versus Ryan McLeod in Rock Island Raccoons zone.
6:31 of 2nd period - Luke Glendening is hit by Ryan McLeod.
6:41 of 2nd period - Slapshot by Dillon Dube.
6:41 of 2nd period - Deflect By Dawson Mercer.
6:41 of 2nd period - Stopped by Braden Holtby without a rebound.
6:42 of 2nd period - Dylan Holloway wins face-off versus Carl Hagelin in Rock Island Raccoons zone.
7:11 of 2nd period - Slapshot by Dawson Mercer.
7:11 of 2nd period - Shot Misses the Net.
7:17 of 2nd period - Mark Pysyk is hit by Carl Hagelin and loses puck.
7:28 of 2nd period - Snap shot by Dawson Mercer.
7:28 of 2nd period - Stopped by Braden Holtby without a rebound.
7:29 of 2nd period - Luke Glendening wins face-off versus Dylan Holloway in Rock Island Raccoons zone.
8:30 of 2nd period - Penalty to Andrew Ladd is over, Andrew Ladd is back on ice.
8:32 of 2nd period - Snap shot by Carl Hagelin.
8:32 of 2nd period - Stopped by Karel Vejmelka with a rebound.
8:43 of 2nd period - Mathieu Perreault is hit by Connor McMichael and loses puck.
9:00 of 2nd period - Snap shot by Mathieu Perreault.
9:00 of 2nd period - Goal by Mathieu Perreault - Rock Island Raccoons : 3 - Edmonton Oil Kings : 1.
9:01 of 2nd period - Ryan McLeod wins face-off versus Filip Chytil in neutral zone.
9:03 of 2nd period - Off-side.
9:04 of 2nd period - Ryan McLeod wins face-off versus Filip Chytil in neutral zone.
9:29 of 2nd period - Snap shot by Luke Glendening.
9:29 of 2nd period - Stopped by Karel Vejmelka with a rebound.
10:41 of 2nd period - Wrist shot by Connor McMichael.
10:41 of 2nd period - Stopped by Braden Holtby without a rebound.
10:42 of 2nd period - Nikita Alexandrov wins face-off versus Luke Glendening in Rock Island Raccoons zone.
10:43 of 2nd period - Snap shot by Connor McMichael.
10:43 of 2nd period - Deflect By Mackenzie Entwistle.
10:43 of 2nd period - Stopped by Braden Holtby without a rebound.
10:44 of 2nd period - Luke Glendening wins face-off versus Nikita Alexandrov in Rock Island Raccoons zone.
10:50 of 2nd period - Off-side.
10:51 of 2nd period - Filip Zadina wins face-off versus Mathieu Perreault in neutral zone.
10:58 of 2nd period - Brendan Smith is hit by Brett Kulak and loses puck.
11:07 of 2nd period - Ryan McLeod is hit by Luke Glendening.
11:29 of 2nd period - Slapshot by Luke Glendening.
11:29 of 2nd period - Stopped by Karel Vejmelka with a rebound.
11:31 of 2nd period - Slapshot by Ryan Lindgren.
11:31 of 2nd period - Stopped by Karel Vejmelka without a rebound.
11:32 of 2nd period - Dylan Holloway wins face-off versus Drake Caggiula in Edmonton Oil Kings zone.
11:34 of 2nd period - Minor Penalty to Gabriel Carlsson for Boarding.
11:35 of 2nd period - Dawson Mercer wins face-off versus Filip Chytil in Edmonton Oil Kings zone.
12:01 of 2nd period - Brett Kulak is hit by Brendan Smith and loses puck.
12:13 of 2nd period - Minor Penalty to Luke Glendening for Hooking.
12:14 of 2nd period - Dillon Dube wins face-off versus Alex Barre-Boulet in Rock Island Raccoons zone.
12:29 of 2nd period - Dillon Dube is hit by Logan Stanley and loses puck.
12:44 of 2nd period - Slapshot by Carl Hagelin.
12:44 of 2nd period - Shot Misses the Net.
13:34 of 2nd period - Penalty to Gabriel Carlsson is over, Gabriel Carlsson is back on ice.
13:40 of 2nd period - Brian Boyle is hit by Filip Zadina and loses puck.
14:13 of 2nd period - Penalty to Luke Glendening is over, Luke Glendening is back on ice.
14:23 of 2nd period - Snap shot by Luke Glendening.
14:23 of 2nd period - Stopped by Karel Vejmelka without a rebound.
14:24 of 2nd period - Alex Barre-Boulet wins face-off versus Tyler Angle in Edmonton Oil Kings zone.
14:45 of 2nd period - Wrist shot by Alex Barre-Boulet.
14:45 of 2nd period - Shot Blocked by Gabriel Carlsson.
14:47 of 2nd period - Wrist shot by Luke Glendening.
14:47 of 2nd period - Shot Misses the Net.
14:49 of 2nd period - Wrist shot by Luke Glendening.
14:49 of 2nd period - Stopped by Karel Vejmelka without a rebound.
14:50 of 2nd period - Filip Chytil wins face-off versus Dylan Holloway in Edmonton Oil Kings zone.
14:51 of 2nd period - Snap shot by Carl Hagelin.
14:51 of 2nd period - Shot Misses the Net.
15:15 of 2nd period - Ryan Lindgren is hit by Tyler Angle and loses puck.
15:24 of 2nd period - Slapshot by Ryan Lindgren.
15:24 of 2nd period - Stopped by Karel Vejmelka with a rebound.
15:26 of 2nd period - Snap shot by Drake Caggiula.
15:26 of 2nd period - Shot Misses the Net.
15:28 of 2nd period - Slapshot by Andy Greene.
15:28 of 2nd period - Shot Blocked by Mark Pysyk.
15:30 of 2nd period - Backhand shot by Drake Caggiula.
15:30 of 2nd period - Stopped by Karel Vejmelka with a rebound.
15:32 of 2nd period - Slapshot by Andy Greene.
15:32 of 2nd period - Stopped by Karel Vejmelka with a rebound.
15:42 of 2nd period - Snap shot by Drake Caggiula.
15:42 of 2nd period - Stopped by Karel Vejmelka without a rebound.
15:43 of 2nd period - Luke Glendening wins face-off versus Ryan McLeod in Edmonton Oil Kings zone.
15:52 of 2nd period - Snap shot by Brendan Smith.
15:52 of 2nd period - Shot Blocked by Ryan McLeod.
15:54 of 2nd period - Slapshot by Gustav Lindstrom.
15:54 of 2nd period - Stopped by Karel Vejmelka with a rebound.
15:56 of 2nd period - Slapshot by Luke Glendening.
15:56 of 2nd period - Shot Blocked by Ryan McLeod.
15:58 of 2nd period - Slapshot by Gustav Lindstrom.
15:58 of 2nd period - Stopped by Karel Vejmelka with a rebound.
17:14 of 2nd period - Filip Chytil is hit by Josh Mahura and loses puck.
17:29 of 2nd period - Snap shot by Brian Boyle.
17:29 of 2nd period - Shot Misses the Net.
17:35 of 2nd period - Kale Clague is hit by Greg McKegg and loses puck.
17:58 of 2nd period - Slapshot by Mathieu Perreault.
17:58 of 2nd period - Shot Misses the Net.
19:09 of 2nd period - Minor Penalty to Sam Carrick for Interference.
19:10 of 2nd period - Carl Hagelin wins face-off versus Ryan McLeod in Rock Island Raccoons zone.
19:21 of 2nd period - Slapshot by Dillon Dube.
19:21 of 2nd period - Shot Misses the Net.
19:43 of 2nd period - Slapshot by Joey Anderson.
19:43 of 2nd period - Stopped by Braden Holtby with a rebound.
Goals for this period are 3 for Rock Island Raccoons vs 0 for Edmonton Oil Kings.
Shots for this period are 19 for Rock Island Raccoons vs 8 for Edmonton Oil Kings.
3rd period
0:01 of 3rd period - Ryan McLeod wins face-off versus Carl Hagelin in neutral zone.
0:46 of 3rd period - Wrist shot by Mathieu Perreault.
0:46 of 3rd period - Deflect By Kale Clague.
0:46 of 3rd period - Stopped by Karel Vejmelka without a rebound.
0:47 of 3rd period - Ryan McLeod wins face-off versus Carl Hagelin in Edmonton Oil Kings zone.
1:09 of 3rd period - Penalty to Sam Carrick is over, Sam Carrick is back on ice.
1:28 of 3rd period - Slapshot by Andy Greene.
1:28 of 3rd period - Stopped by Karel Vejmelka without a rebound.
1:29 of 3rd period - Nikita Alexandrov wins face-off versus Carl Hagelin in Edmonton Oil Kings zone.
1:36 of 3rd period - Slapshot by Jack Johnson.
1:36 of 3rd period - Stopped by Braden Holtby with a rebound.
1:45 of 3rd period - Off-side.
1:46 of 3rd period - Ryan McLeod wins face-off versus Luke Glendening in neutral zone.
3:19 of 3rd period - Snap shot by Andrew Ladd.
3:19 of 3rd period - Shot Misses the Net.
3:41 of 3rd period - Slapshot by Filip Zadina.
3:41 of 3rd period - Stopped by Braden Holtby with a rebound.
3:43 of 3rd period - Slapshot by Brett Kulak.
3:43 of 3rd period - Shot Blocked by Sam Carrick.
3:45 of 3rd period - Slapshot by Kale Clague.
3:45 of 3rd period - Stopped by Braden Holtby with a rebound.
3:47 of 3rd period - Slapshot by Kale Clague.
3:47 of 3rd period - Stopped by Braden Holtby without a rebound.
3:48 of 3rd period - Filip Chytil wins face-off versus Dylan Holloway in Rock Island Raccoons zone.
3:53 of 3rd period - Backhand shot by Carl Hagelin.
3:53 of 3rd period - Stopped by Karel Vejmelka with a rebound.
4:03 of 3rd period - Wrist shot by Carl Hagelin.
4:03 of 3rd period - Stopped by Karel Vejmelka with a rebound.
4:34 of 3rd period - Wrist shot by Connor McMichael.
4:34 of 3rd period - Stopped by Braden Holtby with a rebound.
4:36 of 3rd period - Slapshot by Mark Pysyk.
4:36 of 3rd period - Stopped by Braden Holtby with a rebound.
4:38 of 3rd period - Snap shot by Nikita Alexandrov.
4:38 of 3rd period - Shot Blocked by Luke Glendening.
4:40 of 3rd period - Slapshot by Connor McMichael.
4:40 of 3rd period - Deflect By Mackenzie Entwistle.
4:40 of 3rd period - Shot Misses the Net.
4:40 of 3rd period - Puck is out of play.
4:41 of 3rd period - Dylan Holloway wins face-off versus Luke Glendening in Rock Island Raccoons zone.
5:49 of 3rd period - Snap shot by Mackenzie Entwistle.
5:49 of 3rd period - Shot Blocked by Ryan Lindgren.
6:01 of 3rd period - Snap shot by Joey Anderson.
6:01 of 3rd period - Shot Blocked by Andy Greene.
6:03 of 3rd period - Snap shot by Tyler Angle.
6:03 of 3rd period - Deflect By Joey Anderson.
6:03 of 3rd period - Shot Blocked by Andy Greene.
6:03 of 3rd period - Puck is out of play.
6:04 of 3rd period - Sam Carrick wins face-off versus Noah Gregor in Rock Island Raccoons zone.
6:08 of 3rd period - Off-side.
6:09 of 3rd period - Filip Chytil wins face-off versus Dylan Holloway in neutral zone.
6:37 of 3rd period - Minor Penalty to Tyler Angle for Interference.
6:38 of 3rd period - Luke Glendening wins face-off versus Mackenzie Entwistle in Edmonton Oil Kings zone.
6:48 of 3rd period - Snap shot by Brendan Smith.
6:48 of 3rd period - Shot Misses the Net.
6:50 of 3rd period - Slapshot by Luke Glendening.
6:50 of 3rd period - Shot Blocked by Dawson Mercer.
6:52 of 3rd period - Snap shot by Brendan Smith.
6:52 of 3rd period - Shot Misses the Net.
6:54 of 3rd period - Wrist shot by Brendan Smith.
6:54 of 3rd period - Deflect By Luke Glendening.
6:54 of 3rd period - Stopped by Karel Vejmelka with a rebound.
8:21 of 3rd period - Gustav Lindstrom is hit by Josh Mahura and loses puck.
8:37 of 3rd period - Penalty to Tyler Angle is over, Tyler Angle is back on ice.
8:45 of 3rd period - Tyler Angle is hit by Greg McKegg and loses puck.
9:06 of 3rd period - Backhand shot by Dawson Mercer.
9:06 of 3rd period - Shot Misses the Net.
9:12 of 3rd period - Tyler Angle is hit by Andrew Ladd and loses puck.
9:41 of 3rd period - Wrist shot by Dawson Mercer.
9:41 of 3rd period - Shot Misses the Net.
9:43 of 3rd period - Snap shot by Tyler Angle.
9:43 of 3rd period - Deflect By Noah Gregor.
9:43 of 3rd period - Stopped by Braden Holtby without a rebound.
9:44 of 3rd period - Nikita Alexandrov wins face-off versus Alex Barre-Boulet in Rock Island Raccoons zone.
9:54 of 3rd period - Minor Penalty to Nate Thompson for Tripping.
9:55 of 3rd period - Luke Glendening wins face-off versus Ryan McLeod in Rock Island Raccoons zone.
9:55 of 3rd period - Luke Glendening is hit by Ryan McLeod.
10:27 of 3rd period - Andy Greene is hit by Filip Zadina.
11:03 of 3rd period - Mackenzie Entwistle is hit by Andrew Ladd and loses puck.
11:54 of 3rd period - Penalty to Nate Thompson is over, Nate Thompson is back on ice.
13:36 of 3rd period - Greg McKegg is hit by Brett Kulak and loses puck.
13:44 of 3rd period - Icing by Ryan Lindgren.
13:45 of 3rd period - Ryan McLeod wins face-off versus Sam Carrick in Rock Island Raccoons zone.
14:02 of 3rd period - Slapshot by Ryan Lindgren.
14:02 of 3rd period - Stopped by Karel Vejmelka without a rebound.
14:03 of 3rd period - Dillon Dube wins face-off versus Carl Hagelin in Edmonton Oil Kings zone.
14:08 of 3rd period - Slapshot by Filip Chytil.
14:08 of 3rd period - Stopped by Karel Vejmelka with a rebound.
14:28 of 3rd period - Dawson Mercer is hit by Brendan Smith and loses puck.
14:38 of 3rd period - Backhand shot by Dawson Mercer.
14:38 of 3rd period - Stopped by Braden Holtby with a rebound.
14:48 of 3rd period - Slapshot by Gustav Lindstrom.
14:48 of 3rd period - Deflect By Josh Mahura.
14:48 of 3rd period - Stopped by Karel Vejmelka with a rebound.
15:10 of 3rd period - Snap shot by Mackenzie Entwistle.
15:10 of 3rd period - Shot Misses the Net.
15:12 of 3rd period - Wrist shot by Nikita Alexandrov.
15:12 of 3rd period - Goal by Nikita Alexandrov - Rock Island Raccoons : 3 - Edmonton Oil Kings : 2.
15:13 of 3rd period - Tyler Angle wins face-off versus Sam Carrick in neutral zone.
15:39 of 3rd period - Connor McMichael is hit by Andy Greene.
16:10 of 3rd period - Wrist shot by Filip Chytil.
16:10 of 3rd period - Stopped by Karel Vejmelka with a rebound.
16:58 of 3rd period - Tyler Angle is hit by Filip Chytil and loses puck.
17:28 of 3rd period - Icing by Greg McKegg.
17:29 of 3rd period - Ryan McLeod wins face-off versus Andrew Ladd in Rock Island Raccoons zone.
17:55 of 3rd period - Wrist shot by Mathieu Perreault.
17:55 of 3rd period - Shot Blocked by Tyler Angle.
17:57 of 3rd period - Slapshot by Gustav Lindstrom.
17:57 of 3rd period - Shot Blocked by Mark Pysyk.
17:59 of 3rd period - Wrist shot by Brendan Smith.
17:59 of 3rd period - Stopped by Karel Vejmelka with a rebound.
18:32 of 3rd period - Carl Hagelin is hit by Mark Pysyk and loses puck.
18:58 of 3rd period - Off-side.
18:59 of 3rd period - Travis Green call a timeout for Edmonton Oil Kings.
18:59 of 3rd period - Luke Glendening wins face-off versus Ryan McLeod in neutral zone.
19:02 of 3rd period - Jack Johnson is hit by Ryan Lindgren and loses puck.
19:33 of 3rd period - Edmonton Oil Kings, Karel Vejmelka is pulled from the net.
19:33 of 3rd period - Snap shot by Ryan McLeod.
19:33 of 3rd period - Shot Misses the Net.
19:35 of 3rd period - Slapshot by Jack Johnson.
19:35 of 3rd period - Stopped by Braden Holtby without a rebound.
19:36 of 3rd period - Luke Glendening wins face-off versus Ryan McLeod in Rock Island Raccoons zone.
19:36 of 3rd period - Luke Glendening is hit by Ryan McLeod.
19:50 of 3rd period - Wrist shot by Dillon Dube.
19:50 of 3rd period - Shot Hit the Post.
19:52 of 3rd period - Wrist shot by Brett Kulak.
19:52 of 3rd period - Shot Hit the Post.
19:54 of 3rd period - Snap shot by Dillon Dube.
19:54 of 3rd period - Shot Misses the Net.
Goals for this period are 0 for Rock Island Raccoons vs 1 for Edmonton Oil Kings.
Shots for this period are 10 for Rock Island Raccoons vs 10 for Edmonton Oil Kings.
Back to the Top